 Dungeon Crawl Stone Soup version 0.29-a0-330-g52719c12eb (webtiles) character file.

Game seed: 5213357765146270666

6188 rabbitsville the Quickloader (level 10, -12/91 HPs)
             Began as a Gargoyle Hunter on Apr 12, 2022.
             Was an Initiate of the Shining One.
             Mangled by a white ugly thing (25 damage)
             ... on level 8 of the Dungeon.
             The game lasted 00:35:27 (10405 turns).

rabbitsville the Quickloader (Gargoyle Hunter)     Turns: 10405, Time: 00:35:27

Health: -12/91     AC: 29    Str: 21    XL:     10   Next: 91%
Magic:  14/14      EV:  2    Int: 10    God:    the Shining One [......]
Gold:   480        SH:  0    Dex: 17    Spells: 9/9 levels left

rFire   . . .      SeeInvis .   b - +1 long sword of the Changing Gods {speed, rN+ Will+}
rCold   . . .      Faith    .   (no shield)
rNeg    + + .      Spirit   .   (body armour currently unavailable)
rPois   ∞          Reflect  .   (helmet currently unavailable)
rElec   .          Harm     .   (cloak currently unavailable)
rCorr   .          Rampage  .   (gloves currently unavailable)
Will    +....      NoTele   +   (boots currently unavailable)
Stlth   +.........              v - amulet of the acrobat
HPRegen 0.25/turn               i - +4 ring of protection
MPRegen 0.14/turn               q - +6 ring of strength

@: tree-form, glowing
A: stationary, stasis, torment immunity, boosted hp, sickness immunity, AC +7,
negative energy resistance 1, (electricity resistance), torment resistance 1,
petrification resistance
a: Renounce Religion


You were on level 8 of the Dungeon.
You worshipped the Shining One.
The Shining One was noncommittal.
You were a tree.
You visited 2 branches of the dungeon, and saw 10 of its levels.

You collected 480 gold pieces.

Inventory:

Hand Weapons
 a - a +1 hand crossbow of flaming
 b - the +1 long sword of the Changing Gods (weapon) {speed, rN+ Will+}
   (You found it on level 5 of the Dungeon)

   Attacks with this weapon are significantly faster.
   rN:        It protects you from negative energy.
   Will:      It increases your willpower.
Missiles
 m - a throwing net
Armour
 e - a +0 leather armour
 p - a +1 pair of gloves (melded)
 u - +0 steam dragon scales (melded)
Jewellery
 i - a +4 ring of protection (left branch)
 j - a +6 ring of intelligence
 q - a +6 ring of strength (right branch)
 v - an amulet of the acrobat (around neck)
 B - a ring of resist corrosion
 E - a ring of ice
Wands
 w - a wand of flame (14) (quivered)
Scrolls
 c - 3 scrolls of immolation
 f - 2 scrolls of noise
 g - 2 scrolls of fog
 k - a scroll of magic mapping
 l - a scroll of torment {unknown}
 t - 2 scrolls of teleportation
 x - a scroll of enchant armour
 y - a scroll of blinking
 z - a scroll of brand weapon
Potions
 d - 4 potions of flight
 h - a potion of attraction
 A - 4 potions of curing
 C - a potion of brilliance
 D - a potion of magic


   Skills:
 * Level 6.7 Fighting
 + Level 3.0 Long Blades
 - Level 4.3 Polearms
 - Level 11.7 Crossbows
 - Level 6.3 Armour
 - Level 1.5 Dodging
 - Level 1.1 Stealth
 * Level 6.2 Invocations


You had 9 spell levels left.
You didn't know any spells.
Your spell library contained the following spells:

 Spells                   Type           Power      Damage    Failure   Level
 Apportation              Tloc           0%         N/A       36%         1
 Foxfire                  Conj/Fire      0%         2x1d4     36%         1
 Corpse Rot               Necr/Air       0%         N/A       50%         2
 Ensorcelled Hibernation  Hex/Ice        0%         N/A       50%         2
 Passwall                 Tmut/Erth      0%         N/A       50%         2
 Poisonous Vapours        Pois/Air       0%         N/A       50%         2
 Conjure Flame            Conj/Fire      0%         6-21      75%         3
 Inner Flame              Hex/Fire       0%         N/A       75%         3
 Swiftness                Air            0%         N/A       75%         3
 Flame Wave               Conj/Fire      0%         2d4       98%         4
 Alistair's Intoxication  Tmut/Pois      0%         N/A       100%        5


Dungeon Overview and Level Annotations

Branches:
Dungeon (9/15)             Temple (1/1) D:6            Lair (0/6) D:8
    Orc: D:9-12

Altars:
Ashenzari
Cheibriados
Elyvilon
Fedhas
Gozag
Hepliaklqana
Nemelex Xobeh
Okawaru
Qazlal
Ru
Trog
Uskayaw
Vehumet
Zin
The Shining One

Shops:
D:7 (

Annotations:
D:3 2 transporters, Buffagor's ghost, amateur DsBe
D:7 2 transporters, exclusion: 2 oklob plants, bande's ghost, amateur GrFi
D:8 2 transporters


Innate Abilities, Weirdness & Mutations

You are a tree.
Your roots penetrate the ground, keeping you stationary.
You cannot be teleported.
You are immune to unholy pain and torment.
Your maximum health is greatly increased.
Your equipment is partially melded.
You are immune to sickness and miasma.
((Your stone body is resilient. (AC +7)))
You are immune to poison.
You resist negative energy. (rN+)
((You are resistant to electric shocks. (rElec)))
You are resistant to unholy torment.
You are immune to petrification.


Message History

You shoot a bolt.
The bolt closely misses the white ugly thing.
You shoot a bolt. The bolt hits the white ugly thing.
The bolt burns the white ugly thing.
The white ugly thing is lightly wounded.
You shoot a bolt.
The bolt hits the white ugly thing but does no damage.
The white ugly thing is lightly wounded.
The white ugly thing barely misses you.
You shoot a bolt.
The bolt hits the white ugly thing but does no damage.
The white ugly thing is lightly wounded.
The white ugly thing kicks you. The white ugly thing freezes you!!
You shoot a bolt.
The bolt hits the white ugly thing but does no damage.
The white ugly thing is lightly wounded.
The white ugly thing kicks you. The white ugly thing freezes you!!
* * * LOW HITPOINT WARNING * * *
You feel better.
The white ugly thing kicks you but does no damage.
Your +1 hand crossbow of flaming stops flaming.
Your hands tingle!
b - the +1 long sword of the Changing Gods (weapon)
{speed, rN+ Will+} The white ugly thing attacks as you move away!
The white ugly thing closely misses you.
The white ugly thing barely misses you.
The white ugly thing attacks as you move away!
The white ugly thing barely misses you.
Really quaff the potion of lignification?
You turn into a tree.
Your +1 pair of gloves melds into your body.
Your +0 steam dragon scales melds into your body.
Your roots penetrate the ground.
The white ugly thing kicks you but does no damage.
You slash the white ugly thing!
The white ugly thing is lightly wounded.
The white ugly thing kicks you.
* * * LOW HITPOINT WARNING * * *
The white ugly thing freezes you!!
You die...

..##..##......# .. #####...##
#.###.###....## ..# #...##
..###.......### ##..# #...#
##............###....# #####
#.#................. #########
#...............### ##.......##
###............## #.......... #
#.............## #...######.
..###..........u♣..# #..## ##
#........##........###..###### #
#.#...########......##...#...###
#.....# #..#...##....._.##.
..###..# #####..##..###......##.
#.# #... .......#...# #########.
.. #..... ......#...# ######. .
..#..## ##......# #...... #
#....## ##......# ##......


You could see a white ugly thing.

Vanquished Creatures
  Pikel (D:6)
  An ugly thing (D:9)
  Maggie (D:6)
  A wraith (D:9)
  6 yaks
  2 steam dragons (D:8)
  3 basilisks (D:8)
  An acid dragon (D:8)
  6 water moccasins
  An ice beast (D:5)
  3 sky beasts
  An orc warrior (D:6)
  2 black bears
  2 phantoms
  A centaur (D:7)
  2 lemures
  6 bullfrogs
  3 scorpions
  A gnoll sergeant (D:6)
  A necrophage (D:7)
  6 howler monkeys
  3 orc priests
  5 jellies
  5 hounds
  6 iguanas
  5 orc wizards
  7 gnolls
  10 adders
  2 ufetubi
  3 worms
  A dart slug (D:3)
  13 orcs
  6 ball pythons
  5 endoplasms
  A giant cockroach (D:2)
  2 goblins
  8 hobgoblins
  6 jackals
  7 kobolds
  2 quokkas
  8 bats
  4 frilled lizards
  5 rats
  A spectral kobold (D:1)
166 creatures vanquished.

Vanquished Creatures (others)
  3 fungi (D:8)
  34 plants
37 creatures vanquished.

Grand Total: 203 creatures vanquished

Notes
Turn   | Place    | Note
-------+----------+-------------------------------------------
     0 | D:1      | rabbitsville the Gargoyle Hunter began the quest for the
                  | Orb.
     0 | D:1      | Reached XP level 1. HP: 12/12 MP: 1/1
   519 | D:1      | Reached XP level 2. HP: 17/17 MP: 2/2
   549 | D:1      | Reached skill level 1 in Armour
   752 | D:1      | Found a faded altar of an unknown god.
   996 | D:2      | Reached XP level 3. HP: 14/21 MP: 3/3
  1317 | D:2      | Reached skill level 5 in Crossbows
  1320 | D:2      | Reached XP level 4. HP: 26/26 MP: 4/4
  2072 | D:3      | Identified the +1 dire flail of Grace {flame, rElec Int+5}
  2072 | D:3      | Noticed an ogre
  2072 | D:3      | Noticed Buffagor's ghost (amateur DsBe)
  2074 | D:3      | Found a transporter.
  2074 | D:3      | Noticed an ogre
  2075 | D:3      | Noticed an ogre
  2154 | D:3      | Found a transporter.
  2186 | D:3      | Reached XP level 5. HP: 30/30 MP: 5/5
  2857 | D:4      | Reached skill level 6 in Crossbows
  2921 | D:4      | Reached XP level 6. HP: 35/35 MP: 6/6
  3115 | D:4      | You fall into a shaft and drop 3 floors!
  3126 | D:7      | Noticed an oklob plant
  3127 | D:7      | Noticed an orc warrior
  3159 | D:6      | Reached skill level 7 in Crossbows
  3159 | D:6      | Reached XP level 7. HP: 15/40 MP: 7/7
  3485 | D:6      | HP: 1/40 [gnoll sergeant/+0 spear (10)]
  3961 | D:6      | Reached skill level 8 in Crossbows
  4032 | D:5      | Entered Level 5 of the Dungeon
  4039 | D:6      | Reached skill level 5 in Armour
  4232 | D:5      | Reached XP level 8. HP: 42/44 MP: 8/8
  5131 | D:4      | Found a hide-covered altar of Uskayaw.
  5131 | D:4      | Found a snail-covered altar of Cheibriados.
  5131 | D:4      | Found a sparkling altar of Nemelex Xobeh.
  5272 | D:5      | Reached skill level 9 in Crossbows
  5625 | D:5      | Identified the +1 long sword of the Changing Gods {speed,
                  | rN+ Will+}
  5745 | D:5      | Found a radiant altar of Vehumet.
  5823 | D:5      | Identified the +7 trident of Bejeup {pain, rCorr Int+6
                  | Dex+2}
  6073 | D:6      | Reached skill level 1 in Polearms
  6125 | D:6      | Noticed Maggie
  6147 | D:6      | Killed Maggie
  6148 | D:6      | Reached skill level 10 in Crossbows
  6148 | D:6      | Reached XP level 9. HP: 15/48 MP: 9/9
  6595 | D:6      | Noticed Pikel
  6781 | D:7      | Found a transporter.
  6939 | D:7      | Noticed a white ugly thing
  6942 | D:7      | Noticed a komodo dragon
  6943 | D:7      | Noticed bande's ghost (amateur GrFi)
  6972 | D:7      | Found a transporter.
  6975 | D:7      | Noticed an oklob plant
  7044 | D:7      | Found a blossoming altar of Fedhas.
  7148 | D:7      | Found a sacrificial altar of Ru.
  7204 | D:7      | Reached skill level 11 in Crossbows
  7347 | D:7      | Found Juqin's Antique Weapon Emporium.
  7516 | D:6      | Found a broken altar of Ashenzari.
  7687 | D:6      | Killed Pikel
  7787 | D:6      | Found a staircase to the Ecumenical Temple.
  7794 | Temple   | Entered the Ecumenical Temple
  7823 | Temple   | Became a worshipper of the Shining One
  7921 | D:7      | Reached skill level 1 in Invocations
  8184 | D:8      | Reached XP level 10. HP: 56/56 MP: 11/11
  8462 | D:8      | Reached skill level 1 in Long Blades
  8784 | D:8      | Found a staircase to the Lair.
  8820 | D:8      | Found a transporter.
  8996 | D:8      | Found a hazy altar of Hepliaklqana.
  9094 | D:8      | Reached skill level 5 in Fighting
  9122 | D:8      | Noticed a white ugly thing
  9306 | D:8      | Found a transporter.
  9388 | D:8      | Reached skill level 5 in Invocations
  9429 | D:8      | Noticed a two-headed ogre
  9505 | D:9      | Noticed a brown ugly thing
  9524 | D:9      | Killed a brown ugly thing
 10390 | D:8      | HP: 3/61 [white ugly thing (26)]
 10405 | D:8      | Mangled by a white ugly thing

Illustrated notes

Levels and vault maps discovered:
D:1:      saegor_arrival_simple_d, layout_loops_corners,
          dreamdust_ecumenical_altar_drowned_temple
D:2:      layout_basic, grunt_decor_resistance
D:3:      layout_loops_ring, gammafunk_ghost_smash, serial_bayou_lake_a
D:4:      layout_loops_ring, gammafunk_temple_overflow_claw, st_stairs_8
D:5:      layout_basic, lemuel_coloured_pillars_altar,
          hangedman_decor_slide_cut, minmay_misc_feat_chi, grunt_ministairs_10
D:6:      nicolae_BIG_FREAKIN_CUBE, layout_basic, kennysheep_mini,
          minmay_temple_entry_nine_rooms, nrook_uturn, uniq_pikel, uniq_maggie
D:7:      layout_rooms, mainiacjoe_overflow_24_doors, amcnicky_altar_gilded,
          nzn_ghost_randoct, serial_shops, shop_statue
D:8:      gammafunk_cloud_chamber, layout_layer_cave,
          nicolae_hepliaklqana_hippocampus, minmay_lair_entry_grove,
          minmay_starry_boxes
D:9:      minmay_the_grid_3x3 [minmay_the_grid_spikes,
          minmay_the_grid_zigzag_pyramid, minmay_the_grid_fan,
          minmay_the_grid_plusring, minmay_the_grid_medium_cups,
          minmay_the_grid_expand, minmay_the_grid_tri_star,
          minmay_the_grid_spin_star, minmay_the_grid_prize_big_room],
          layout_basic, mainiacjoe_overflow_small_starburst,
          mainiacjoe_overflow_alcove_2, mainiacjoe_overflow_large_starburst
Temple:   chequers_temple_sunken

Skill      XL: |  1  2  3  4  5  6  7  8  9 10 |
---------------+-------------------------------+-----
Armour         | 1 2 3 4 5 6 |  6.3
Crossbows      | 5 6 7 8 10 11 | 11.7
Polearms       | 2 4 |  4.3
Fighting       | 3 6 |  6.7
Invocations    | 2 6 |  6.2
Long Blades    | 3 |  3.0
Dodging        | |  1.5
Stealth        | |  1.1

Action                   |  1- 3 |  4- 6 |  7- 9 | 10-12 || total
-------------------------+-------+-------+-------+-------++-------
Melee: Short sword       |       |       |    13 |       ||    13
       Punch             |       |       |     7 |     3 ||    10
       Trident           |       |       |    73 |       ||    73
       Long sword        |       |       |    16 |   109 ||   125
       Whip              |       |       |     9 |       ||     9
 Fire: Hand crossbow     |    72 |   178 |   279 |   192 ||   721
Evoke: Wand              |       |       |     2 |       ||     2
  Use: Potion            |       |       |     8 |     2 ||    10
       Scroll            |       |       |     3 |    12 ||    15
 Stab: Sleeping          |       |       |     1 |       ||     1
Armor: Leather armour    |    11 |    40 |    80 |       ||   131
       Steam dragon scal |       |       |    63 |    98 ||   161
       Skin              |       |       |       |     1 ||     1
Dodge: Dodged            |    12 |    63 |   175 |   134 ||   384

Table legend: (Time is in decaauts)
 A = Elapsed time spent in this place.
 B = Non-inter-level travel time spent in this place.
 C = Inter-level travel time spent in this place.
 D = Time resting spent in this place.
 E = Time spent auto-exploring this place.
 F = Levels seen in this place.
 G = Mean time per level.
                   A        B        C        D        E       F      G
               +--------+--------+--------+--------+--------+-----+--------+
         Total |  10546 |   9904 |    642 |   1453 |   5616 |  10 | 1054.6 |
       Dungeon |  10500 |   9864 |    636 |   1453 |   5603 |   9 | 1166.7 |
        Temple |     45 |     40 |      5 |      0 |     13 |   1 |   45.0 |
               +--------+--------+--------+--------+--------+-----+--------+

Top non-repeatable levels by time:
     D:6: 1948 daAuts
     D:8: 1754 daAuts
     D:5: 1710 daAuts
     D:1: 1004 daAuts
     D:3: 998 daAuts
     D:2: 933 daAuts
     D:4: 921 daAuts
     D:7: 887 daAuts
     D:9: 341 daAuts
  Temple: 45 daAuts
